 Dungeon Crawl Stone Soup version 0.29-a0-284-gf9362112df (webtiles) character file.

Game seed: 18252415724294479

17628 drugrobin the Cleaver (level 11, -4/99 HPs)
             Began as a Demigod Fighter on Mar 31, 2022.
             Slain by an anaconda simulacrum (9 damage)
             ... in an ice cave.
             The game lasted 00:42:35 (17255 turns).

drugrobin the Cleaver (Demigod Fighter)            Turns: 17255, Time: 00:42:35

Health: -4/99      AC: 15    Str: 29    XL:     11   Next: 93%
Magic:  14/14      EV: 10    Int: 13    God:
Gold:   747        SH: 22    Dex: 13    Spells: 10/10 levels left

rFire   . . .      SeeInvis .   a - +4 war axe
rCold   + . .      Faith    .   j - +8 kite shield of Whack-A-Mole {Int+3 Stlth+}
rNeg    . . .      Spirit   .   D - +3 troll leather armour {Snorg}
rPois   .          Reflect  +   P - +1 helmet
rElec   .          Harm     .   (no cloak)
rCorr   .          Rampage  ∞   h - +1 pair of gloves
Will    +....                   A - +3 pair of seven-league boots {Rampage+∞}
Stlth   ++........              v - amulet of reflection
HPRegen 1.06/turn               G - +4 ring of evasion
MPRegen 0.14/turn               C - ring of protection from cold

@: mighty, constricted
A: high MP 1, forlorn, divine attributes
a: no special abilities


You were in an ice cave.
You visited 2 branches of the dungeon, and saw 13 of its levels.
You also visited: Ice Cave.

You collected 747 gold pieces.

Inventory:

Hand Weapons
 a - a +4 war axe (weapon)
 b - a +2 dagger of venom
 c - a +2 antimagic hand axe
Missiles
 k - 15 poisoned darts
 p - a throwing net
 r - 6 silver javelins
 t - 18 boomerangs (quivered)
 H - 6 javelins
 M - 2 curare-tipped darts
Armour
 h - a +1 pair of gloves (worn)
 j - the +8 kite shield of Whack-A-Mole (worn) {Int+3 Stlth+}
   (You acquired it on level 10 of the Dungeon)

   Int:       It affects your intelligence (+3).
   Stlth:     It makes you more stealthy.
 A - the +3 pair of seven-league boots (worn) {Rampage+∞}
   (You found it on level 4 of the Dungeon)

   Its wearer moves as far as possible in that direction when moving towards
   enemies.
 D - a +3 troll leather armour (worn) {Snorg}
 J - a +1 ring mail of fire resistance
 P - a +1 helmet (worn)
Jewellery
 o - a ring of flight
 v - an amulet of reflection (around neck)
 C - a ring of protection from cold (right hand)
 G - a +4 ring of evasion (left hand)
Wands
 i - a wand of polymorph (4)
 w - a wand of flame (23)
 I - a wand of iceblast (9)
 L - a wand of acid (3)
Scrolls
 m - 2 scrolls of magic mapping
 n - 5 scrolls of teleportation
 s - a scroll of silence
 u - 3 scrolls of immolation {unknown}
 x - 3 scrolls of amnesia {unknown}
 y - 2 scrolls of torment {unknown}
 E - 2 scrolls of summoning {unknown}
 F - 4 scrolls of enchant weapon {unknown}
 O - a scroll of fog {unknown}
Potions
 d - 3 potions of might
 e - 4 potions of curing
 f - 2 potions of magic
 g - 2 potions of mutation {unknown}
 l - 3 potions of cancellation
 q - 2 potions of resistance
 z - 3 potions of lignification
 B - 2 potions of attraction {unknown}
 K - a potion of berserk rage
 N - a potion of flight {unknown}


   Skills:
 + Level 9.6 Fighting
 * Level 12.9 Axes
 - Level 2.6 Armour
 + Level 5.6 Shields
 + Level 8.5 Evocations


You had 10 spell levels left.
You didn't know any spells.
Your spell library contained the following spells:

 Spells                   Type           Power      Damage    Failure   Level
 Apportation              Tloc           0%         N/A       67%         1
 Freeze                   Ice            0%         1d3       67%         1
 Magic Dart               Conj           0%         1d3       67%         1
 Call Imp                 Summ           0%         N/A       82%         2
 Corpse Rot               Necr/Air       0%         N/A       82%         2
 Scorch                   Fire           0%         2d5       82%         2
 Call Canine Familiar     Summ           0%         N/A       96%         3
 Mephitic Cloud           Conj/Pois/Air  0%         N/A       96%         3
 Portal Projectile        Hex/Tloc       0%         N/A       96%         3
 Dispel Undead            Necr           0%         3d6       100%        4
 Flame Wave               Conj/Fire      0%         2d4       100%        4
 Leda's Liquefaction      Hex/Erth       0%         N/A       100%        4
 Summon Ice Beast         Ice/Summ       0%         N/A       100%        4
 Alistair's Intoxication  Tmut/Pois      0%         N/A       100%        5
 Death Channel            Necr           0%         N/A       100%        6
 Summon Cactus Giant      Summ           0%         N/A       100%        6
 Haunt                    Necr/Summ      0%         N/A       100%        7
 Ozocubu's Refrigeration  Ice            0%         4d5       100%        7


Dungeon Overview and Level Annotations

Branches:
Dungeon (12/15)            Temple (0/1) D:4            Lair (1/6) D:8
    Orc (0/2) D:12          IceCv (1/1)

Annotations:
Lair:1 3 runed translucent doors, enile's ghost, novice GnWn


Innate Abilities, Weirdness & Mutations

You have an increased reservoir of magic. (+10% MP)
You shall have no god before yourself.
Your divine heritage dramatically boosts your attributes as you level up.


Message History

You destroy the freezing wraith!
The anaconda simulacrum grabs you.
You block the anaconda simulacrum's attack.
The anaconda simulacrum constricts you.
Unknown command.
Unknown command.
Unknown command.
Unknown command.
Unknown command.
Unknown command.
You slice the anaconda simulacrum!!
The anaconda simulacrum is almost destroyed.
You block the anaconda simulacrum's attack.
The anaconda simulacrum constricts you. The anaconda simulacrum bites you!
* * * LOW HITPOINT WARNING * * *
The anaconda simulacrum freezes you! You resist.
* * * LOW HITPOINT WARNING * * *
The anaconda simulacrum constricts you.
Unknown command.
Unknown command.
Unknown command.
Unknown command.
Unknown command.
Unknown command.
Unknown command.
Unknown command.
Unknown command.
Unknown command.
Unknown command.
Unknown command.
Unknown command.
Unknown command.
Unknown command.
Unknown command.
You closely miss the anaconda simulacrum.
The anaconda simulacrum is almost destroyed.
The anaconda simulacrum bites you.
* * * LOW HITPOINT WARNING * * *
The anaconda simulacrum freezes you! You resist.
You die...

..."#
...[#
....#
....#
...# Z.#
##Z##
##@..##
##.....##
#.......#
#.......#
#.......#
#.......#
#.......#
####.####
#.[....)#


You could see an anaconda simulacrum and an entropy weaver simulacrum.

Vanquished Creatures
  Snorg (D:10)
  2 boulder beetles
  3 two-headed ogres
  Urug (D:10)
  Pikel (D:7)
  A deep elf pyromancer (D:12)
  A cyclops (D:11)
  2 ugly things
  Joseph (D:9)
  3 ice statues (IceCv)
  2 cane toads (Lair:1)
  A freezing wraith (IceCv)
  3 komodo dragons (Lair:1)
  2 trolls
  Sigmund (D:6)
  17 yaks
  A shadow (D:11)
  A wyvern (D:10)
  A basilisk (Lair:1)
  3 steam dragons
  Duvessa (D:4)
  6 water moccasins
  A sky beast (D:6)
  An orc warrior (D:9)
  An ice beast (D:5)
  A black bear (D:5)
  An ogre (D:7)
  3 wolves (Lair:1)
  3 centaurs
  A lemure (D:7)
  3 kobold brigands
  A phantom (D:7)
  3 bullfrogs
  3 gnoll sergeants
  3 necrophages
  3 scorpions
  2 cane toad simulacra (IceCv)
  Dowan (D:4)
  11 killer bees
  2 elephant simulacra (IceCv)
  5 jellies
  6 howler monkeys
  A gnoll shaman (D:6)
  3 hounds
  5 orc priests
  7 orc wizards
  Ijyb (D:4)
  2 iguanas
  3 polar bear simulacra (IceCv)
  19 gnolls
  6 adders
  A white imp (D:5)
  2 ufetubi
  5 dart slugs
  33 orcs
  5 endoplasms
  3 giant cockroaches
  16 goblins
  17 hobgoblins
  5 jackals
  24 kobolds
  2 quokkas (D:2)
  11 ball pythons
  7 bats
  4 frilled lizards
  7 rats
299 creatures vanquished.

Vanquished Creatures (others)
  4 fungi (Lair:1)
  17 plants
21 creatures vanquished.

Grand Total: 320 creatures vanquished

Notes
Turn   | Place    | Note
-------+----------+-------------------------------------------
     0 | D:1      | drugrobin the Demigod Fighter began the quest for the Orb.
     0 | D:1      | Reached XP level 1. HP: 18/18 MP: 3/3
    62 | D:1      | Reached skill level 2 in Axes
   289 | D:1      | Reached XP level 2. HP: 25/25 MP: 4/4
  1028 | D:1      | Got the Handbook of the Entourage and Snow
  1115 | D:1      | Reached XP level 3. HP: 31/31 MP: 5/5
  1342 | D:2      | Reached skill level 3 in Axes
  2765 | D:3      | Reached XP level 4. HP: 38/38 MP: 6/6
  3335 | D:3      | Reached skill level 4 in Axes
  3567 | D:4      | Noticed Duvessa
  3567 | D:4      | Noticed Dowan
  3647 | D:3      | Reached XP level 5. HP: 23/46 MP: 7/7
  4075 | D:4      | Noticed Ijyb
  4078 | D:4      | Paralysed by Ijyb for 2 turns
  4398 | D:4      | Reached XP level 6. HP: 22/52 MP: 4/8
  4399 | D:4      | Reached skill level 5 in Axes
  4399 | D:4      | Reached skill level 1 in Evocations
  4731 | D:4      | Paralysed by Ijyb for 6 turns
  4743 | D:4      | Paralysed by Ijyb for 4 turns
  4749 | D:4      | Killed Ijyb
  5069 | D:4      | Found a staircase to the Ecumenical Temple.
  5322 | D:4      | Found the +3 pair of seven-league boots {Rampage+∞}
  5400 | D:4      | Killed Duvessa
  5413 | D:4      | Killed Dowan
  5414 | D:4      | Reached XP level 7. HP: 40/60 MP: 3/9
  5611 | D:5      | Entered Level 5 of the Dungeon
  5667 | D:5      | Reached skill level 6 in Axes
  5724 | D:5      | Reached skill level 5 in Fighting
  6747 | D:5      | Noticed an angel
  7156 | D:6      | Reached skill level 7 in Axes
  7156 | D:6      | Reached XP level 8. HP: 53/69 MP: 10/10
  8238 | D:6      | Noticed Sigmund
  8261 | D:6      | Killed Sigmund
  8427 | D:7      | Reached skill level 8 in Axes
  8606 | D:7      | Noticed Pikel
  8631 | D:7      | Killed Pikel
  8632 | D:7      | Reached XP level 9. HP: 69/78 MP: 11/11
  8799 | D:7      | Reached skill level 5 in Evocations
  8957 | D:7      | Reached skill level 9 in Axes
  9270 | D:8      | Noticed a boulder beetle
  9450 | D:8      | Killed a boulder beetle
  9686 | D:8      | Noticed a two-headed ogre
  9752 | D:8      | Identified the +1 robe of the Heavens {Will+}
  9928 | D:8      | Reached skill level 10 in Axes
 10061 | D:8      | Killed a two-headed ogre
 10062 | D:8      | Reached XP level 10. HP: 15/88 MP: 13/13
 10925 | D:8      | Found a staircase to the Lair.
 11347 | D:9      | Noticed Joseph
 11412 | D:9      | Killed Joseph
 11947 | D:9      | Noticed a two-headed ogre
 11977 | D:9      | Killed a two-headed ogre
 11978 | D:9      | Reached skill level 11 in Axes
 12423 | D:10     | Entered Level 10 of the Dungeon
 12428 | D:10     | Identified a scroll of acquirement
 12429 | D:10     | Acquired the +8 kite shield of Whack-A-Mole {Int+3 Stlth+}
 12493 | D:10     | Noticed Snorg
 12610 | D:10     | Noticed Urug
 12718 | Lair:1   | Entered Level 1 of the Lair of Beasts
 12788 | Lair:1   | Noticed a black mamba
 13062 | Lair:1   | Found a runed translucent gate.
 13062 | Lair:1   | Found a runed translucent gate.
 13062 | Lair:1   | Found a runed translucent gate.
 13063 | Lair:1   | Noticed enile's ghost (novice GnWn)
 13739 | Lair:1   | Reached XP level 11. HP: 95/95 MP: 14/14
 14442 | D:10     | Noticed a two-headed ogre
 14463 | D:10     | Killed a two-headed ogre
 14665 | D:10     | Killed Urug
 14752 | D:10     | Reached skill level 12 in Axes
 14892 | D:10     | Killed Snorg
 15730 | D:11     | Noticed a boulder beetle
 16161 | D:11     | Killed a boulder beetle
 16162 | D:11     | Reached skill level 5 in Shields
 16805 | D:12     | Noticed a deep elf pyromancer
 16818 | D:12     | Killed a deep elf pyromancer
 16870 | D:12     | Found a frozen archway.
 16906 | IceCv    | Entered an ice cave
 17255 | IceCv    | Slain by an anaconda simulacrum

Illustrated notes

Levels and vault maps discovered:
D:1:      wheals_arrival_shading, layout_loops_corners, minmay_pentomino_t4
D:2:      layout_basic, ebering_ecumenical_altar_sacrificial, grunt_ministairs_6
D:3:      layout_loops_corners, mainiacjoe_overflow_24_doors,
          nicolae_tso_carved_into_rock, chequers_big_river
D:4:      corexii_shantytown, layout_basic, minmay_temple_entry_proselytizer,
          uniq_duvessa, uniq_ijyb
D:5:      layout_loops_corners, zin_angel, mainiacjoe_overflow_cross_hatched,
          small_statue_intersection, grunt_ministairs_14
D:6:      layout_gridville, lemuel_doored_altar, kennysheep_generic_room_10,
          uniq_sigmund
D:7:      layout_basic, uniq_pikel
D:8:      layout_basic, nicolae_overflow_crystal_walls, lair_entry_dummy
D:9:      layout_irregular_city, nicolae_ru_sacrificial_ziggurat, uniq_joseph
D:10:     layout_basic, uniq_urug, uniq_snorg
D:11:     layout_cave_pods
D:12:     layout_basic, erik_orc_1, portal_ice_cave_entry_pillars_2,
          kennysheep_diamond
Lair:1:   layout_misc_corridors, gammafunk_ghost_ooze, columned_hall_lemuel,
          grunt_megastairs_5
IceCv:    ice_cave_statue_garden_chambered

Skill      XL: |  1  2  3  4  5  6  7  8  9 10 11 |
---------------+----------------------------------+-----
Axes           | 2 3 4 5 7 8 10 11 12 | 12.9
Fighting       | 3 4 5 6 7 8 9 |  9.6
Evocations     | 2 3 4 6 7 8 |  8.5
Shields        | 3 5 |  5.6
Armour         | |  2.6

Action                   |  1- 3 |  4- 6 |  7- 9 | 10-12 || total
-------------------------+-------+-------+-------+-------++-------
Melee: War axe           |   153 |   153 |   214 |   402 ||   922
       Dagger            |       |    21 |   108 |    63 ||   192
       Hand axe          |       |     6 |       |       ||     6
Throw: Dart              |     4 |     1 |     1 |    11 ||    17
       Boomerang         |       |     1 |       |     5 ||     6
       Throwing net      |       |       |     2 |     2 ||     4
Evoke: Wand              |       |     1 |    10 |     6 ||    17
  Use: Scroll            |       |       |       |    13 ||    13
       Potion            |       |       |       |     2 ||     2
 Stab: Held in net/web   |       |       |     1 |       ||     1
       Distracted        |       |       |       |     1 ||     1
Armor: Scale mail        |    73 |       |       |       ||    73
       Chain mail        |     8 |   115 |   150 |    60 ||   333
       Troll leather arm |       |       |       |    37 ||    37
       Ring mail         |       |       |       |     8 ||     8
Dodge: Dodged            |    63 |    52 |   112 |   110 ||   337
Block: Buckler           |    33 |    82 |   136 |    33 ||   284
       Reflection        |       |     2 |     7 |     5 ||    14
       Kite shield       |       |       |       |   369 ||   369

Table legend: (Time is in decaauts)
 A = Elapsed time spent in this place.
 B = Non-inter-level travel time spent in this place.
 C = Inter-level travel time spent in this place.
 D = Time resting spent in this place.
 E = Time spent auto-exploring this place.
 F = Levels seen in this place.
 G = Mean time per level.
                   A        B        C        D        E       F      G
               +--------+--------+--------+--------+--------+-----+--------+
         Total |  17408 |  16399 |   1009 |   4041 |   7698 |  14 | 1243.4 |
       Dungeon |  15582 |  14647 |    935 |   3529 |   7071 |  12 | 1298.5 |
          Lair |   1475 |   1402 |     73 |    355 |    627 |   1 | 1475.0 |
      Ice Cave |    351 |    351 |      0 |    157 |      0 |   1 |  351.0 |
               +--------+--------+--------+--------+--------+-----+--------+

Top non-repeatable levels by time:
     D:8: 1847 daAuts
     D:4: 1672 daAuts
    D:10: 1655 daAuts
     D:5: 1524 daAuts
  Lair:1: 1475 daAuts
     D:3: 1474 daAuts
     D:1: 1360 daAuts
     D:9: 1307 daAuts
     D:6: 1285 daAuts
     D:2: 1213 daAuts
    D:11: 1034 daAuts
     D:7: 1027 daAuts
   IceCv: 351 daAuts
    D:12: 179 daAuts
